Monarchs vs Punishers
Created - 3 février 2015 at 20:22
Goals
|
| Monarchs |
0 |
2 |
2 |
4 |
| Punishers |
3 |
1 |
3 |
7 |
|
Shots
|
| Monarchs |
7 |
15 |
14 |
36 |
| Punishers |
13 |
20 |
8 |
41 |
|
1st period
1. Punishers , Adam Pineault 13 (Adam McQuaid) at 3:40
2. Punishers , Adam McQuaid 3 (Tanner Glass, Mike Grier) at 8:06 (PP)
3. Punishers , Éric Perrin 32 (Keaton Ellerby) at 14:12
Penalties :
Keith Aulie (MAN) for Hooking (Minor) at 7:49, Ryan Ellis (MAN) for Roughing (Minor) at 10:25, Tanner Glass (Pro) for Roughing (Minor) at 14:49
2nd period
4. Monarchs , Zack Kassian 7 (Keith Ballard, Oliver Ekman-Larsson) at 0:33
5. Punishers , Richard Zednik 23 (Éric Perrin, Kris Chucko) at 2:16
6. Monarchs , Brian Gionta 37 (Brock Trotter, Oliver Ekman-Larsson) at 5:49 (PP)
Penalties :
Petteri Nokelainen (Pro) for Hooking (Minor) at 3:53, Jack Hillen (Pro) for Roughing (Minor) at 18:30
3rd period
7. Punishers , Brad Isbister 29 (Mark Fraser) at 4:19 (SH)
8. Monarchs , David Clarkson 10 (Dana Tyrell) at 5:24
9. Monarchs , Keith Aulie 2 (David Clarkson, Dwight King) at 8:21
10. Punishers , Erik Condra 17 (Keaton Ellerby, Mark Fraser) at 14:20
11. Punishers , Adam McQuaid 4 (Casey Cizikas, Kevin Poulin) at 17:37
Penalties :
Mike Grier (Pro) for Holding (Minor) at 3:19, Mike Weber (Pro) for Roughing (Minor) at 12:06, Éric Perrin (Pro) for Tripping (Minor) at 17:45
Goalie Stats
Al Montoya (MAN), 34 saves from 41 shots - (0,829), L, 24-13-6, 60:00 minutes
Kevin Poulin (Pro), 32 saves from 36 shots - (0,889), W, 18-6-6, 60:00 minutes
Players Stats for Monarchs
Player Name G A P +/- PIM S H SB GA TA FO MP PP MP PK MP
------------------------------------------------------------------------------------
Brandon Dubinsky 0 0 0 -3 0 2 4 0 3 2 0/1 22:24 6:45 0:00
Brian Gionta 1 0 1 -2 0 4 0 0 4 0 0/1 15:35 0:04 0:00
Brock Trotter 0 1 1 -1 0 0 0 0 0 0 0/0 10:29 0:04 0:28
Cody Eakin 0 0 0 -1 0 0 1 1 0 0 3/4 15:12 5:02 0:04
Dana Tyrell 0 1 1 0 0 0 0 0 0 0 1/2 7:16 0:00 0:00
David Clarkson 1 1 2 0 0 3 0 0 0 0 0/0 7:16 0:00 0:00
Dmitri Orlov 0 0 0 0 0 0 0 0 0 0 0/0 0:00 0:00 0:00
Dwight King 0 1 1 0 0 3 1 0 0 0 0/0 7:16 0:00 0:00
Frederic St-Denis 0 0 0 -1 0 0 0 1 0 0 0/0 4:31 0:00 1:40
Jarret Stoll 0 0 0 1 0 5 1 1 1 0 6/11 18:16 5:02 0:18
Jay Beagle 0 0 0 0 0 0 0 0 0 0 0/1 1:46 0:10 1:30
Jordan Nolan 0 0 0 -3 0 2 4 0 0 0 18/42 22:20 6:42 0:00
Keith Aulie 1 0 1 1 2 1 0 0 1 1 0/0 15:03 4:26 0:36
Keith Ballard 0 1 1 0 0 1 0 0 0 2 0/0 17:04 0:00 1:40
Matt Irwin 0 0 0 -2 0 6 0 0 2 0 0/0 21:59 4:26 0:00
Matt Martin 0 0 0 1 0 0 2 0 0 1 0/1 18:40 5:02 0:42
Oliver Ekman-Larsson 0 2 2 -3 0 1 1 4 0 0 0/0 25:01 7:25 0:00
Richard Park 0 0 0 -1 0 3 0 0 0 0 2/4 11:32 0:00 1:30
Ryan Ellis 0 0 0 -1 2 3 0 2 0 2 0/0 23:28 7:25 0:00
Shawn Belle 0 0 0 0 0 0 1 2 0 0 0/0 12:57 0:00 0:36
Zack Kassian 1 0 1 0 0 2 1 0 0 1 0/0 19:37 6:42 0:00
Players Stats for Punishers
Player Name G A P +/- PIM S H SB GA TA FO MP PP MP PK MP
------------------------------------------------------------------------------------
Adam McQuaid 2 1 3 1 0 2 1 1 0 1 0/0 20:39 1:03 4:37
Adam Pineault 1 0 1 2 0 3 1 1 0 0 0/0 9:23 0:00 0:00
Brad Isbister 1 0 1 3 0 2 1 0 1 1 1/1 17:42 1:08 6:57
Brandon McMillan 0 0 0 1 0 0 0 0 0 0 4/5 9:00 0:00 0:00
Casey Cizikas 0 1 1 0 0 2 0 1 0 0 0/1 7:59 0:00 1:08
Éric Perrin 1 1 2 2 2 8 1 1 1 2 16/33 23:15 1:08 6:01
Erik Condra 1 0 1 0 0 1 0 1 0 1 1/2 8:58 0:00 1:57
Jack Hillen 0 0 0 0 2 0 0 0 0 0 0/0 11:01 0:00 0:38
Keaton Ellerby 0 2 2 2 0 5 0 2 0 2 0/0 29:09 1:13 7:14
Kris Chucko 0 1 1 2 0 3 0 1 3 0 0/2 18:05 0:00 1:49
Mark Fraser 0 2 2 2 0 2 1 0 0 1 0/0 26:14 1:13 7:14
Mike Grier 0 1 1 -1 2 1 1 0 0 1 0/0 14:28 1:08 0:00
Mike Weber 0 0 0 1 2 0 2 0 1 1 0/0 19:47 1:03 3:45
Petteri Nokelainen 0 0 0 -1 2 1 2 0 1 1 8/14 14:52 1:08 0:24
Radek Smolenak 0 0 0 0 0 2 2 1 0 0 0/0 6:57 0:00 0:06
Richard Zednik 1 0 1 1 0 6 2 0 0 0 5/7 20:10 1:08 2:56
Simon Despres 0 0 0 0 0 0 0 0 0 0 0/0 3:09 0:00 0:14
Tanner Glass 0 1 1 -1 2 3 3 1 2 0 2/2 17:03 1:08 2:24
Zach Jones 0 0 0 0 0 0 1 1 0 0 0/0 10:12 0:00 0:00
3 Stars
1 - Adam McQuaid (Pro)
2 - Brad Isbister (Pro)
3 - Éric Perrin (Pro)
Power Play
Monarchs - 1 on 6 Attempt(s) - 16,67%
Punishers - 1 on 2 Attempt(s) - 50,00%
Penalty Kill
Monarchs - 1 on 2 Attempt(s) - 50,00%
- Score 0 goal in Penalty Kill
Punishers - 5 on 6 Attempt(s) - 83,33%
- Score 1 goal in Penalty Kill
Team Stat
Monarchs - Hits : 16 - Faceoff Wins : 30 - Blocked Shots : 11 - Penalty Minutes : 4
Punishers - Hits : 18 - Faceoff Wins : 37 - Blocked Shots : 11 - Penalty Minutes : 12
Official
Referees : Ciamaga Chris and Joannette Marc
Linesman : Brian Murphy and Vaughan Rody
Game Notes
Brandon McMillan is injured at 16:24 of 3rd period (Sprained Right Ankle)
Finance
Level 1 -- Attendance: 1468 (73,40%) -- Ticket Income 51 380 $
Level 2 -- Attendance: 734 (73,40%) -- Ticket Income 11 010 $
Total Attendance: 2202 (73,40%)
Total Ticket Income: 62 390 $
Other Income: 3 120 $
Total Income: 65 510 $
Monarchs
5 vs 5 Forward
Center Left Wing Right Wing Time % Phy DF OF
1 Jordan Nolan Brandon Dubinsky Brian Gionta 40 1 1 3
2 Jarret Stoll Matt Martin Zack Kassian 35 2 1 2
3 Cody Eakin Brock Trotter Richard Park 20 1 2 2
4 Dana Tyrell Dwight King David Clarkson 5 2 2 1
5 vs 5 Defense
Defense Defense Time % Phy DF OF
1 Matt Irwin Oliver Ekman-Larsson 40 0 3 2
2 Keith Ballard Ryan Ellis 35 0 3 2
3 Shawn Belle Keith Aulie 20 1 2 2
4 Shawn Belle Frederic St-Denis 5 1 2 2
PowerPlay Forward
Center Left Wing Right Wing Time % Phy DF OF
1 Jordan Nolan Brandon Dubinsky Zack Kassian 60 0 1 4
2 Jarret Stoll Cody Eakin Matt Martin 40 0 1 4
PowerPlay Defense
Defense Defense Time % Phy DF OF
1 Oliver Ekman-Larsson Ryan Ellis 60 0 2 3
2 Keith Aulie Matt Irwin 40 0 2 3
Penalty Kill 4 Players Forward
Center Wing Time % Phy DF OF
1 Richard Park Jay Beagle 60 1 3 1
2 Jarret Stoll Jay Beagle 40 1 3 1
Penalty Kill 4 Players Defense
Defense Defense Time % Phy DF OF
1 Keith Ballard Frederic St-Denis 60 1 4 0
2 Shawn Belle Keith Aulie 40 1 4 0
Penalty Kill - 3 Players Forward
Forward Time % Phy DF OF
1 Richard Park 60 1 2 2
2 Jay Beagle 40 1 2 2
Penalty Kill - 3 Players Defense
Defense Defense Time % Phy DF OF
1 Keith Ballard Frederic St-Denis 60 1 2 2
2 Shawn Belle Keith Aulie 40 1 2 2
4 vs 4 Forward
Center Wing Time % Phy DF OF
1 Brandon Dubinsky Jordan Nolan 60 1 2 2
2 Jarret Stoll Brian Gionta 40 1 2 2
4 vs 4 Defense
Defense Defense Time % Phy DF OF
1 Keith Aulie Matt Irwin 60 1 2 2
2 Shawn Belle Oliver Ekman-Larsson 40 1 2 2
Last Minutes Offensive
Center Left Wing Right Wing Defense Defense
Brandon Dubinsky Brock Trotter Brian Gionta Oliver Ekman-Larsson Matt Irwin
Last Minutes Defensive
Center Left Wing Right Wing Defense Defense
Jarret Stoll Jay Beagle Richard Park Keith Ballard Oliver Ekman-Larsson
Goaltenders
Starting : Al Montoya
Backup : Richard Bachman
Extra Forwards
Normal : Brandon Dubinsky, Zack Kassian, Jordan Nolan - PP : Jay Beagle, Brock Trotter - PK : Matt Martin
Extra Defensemen
Normal : Oliver Ekman-Larsson, Matt Irwin, Dmitri Orlov - PP : Dmitri Orlov - PK : Frederic St-Denis, Ryan Ellis
Penalty Shots
Jordan Nolan, Brandon Dubinsky, Jarret Stoll, Matt Irwin, Richard Park
Punishers
5 vs 5 Forward
Center Left Wing Right Wing Time % Phy DF OF
1 Éric Perrin Kris Chucko Richard Zednik 40 1 2 2
2 Petteri Nokelainen Tanner Glass Mike Grier 30 1 2 2
3 Brandon McMillan Brad Isbister Adam Pineault 20 1 2 2
4 Casey Cizikas Radek Smolenak Erik Condra 10 1 2 2
5 vs 5 Defense
Defense Defense Time % Phy DF OF
1 Keaton Ellerby Mark Fraser 40 1 2 2
2 Mike Weber Adam McQuaid 30 1 2 2
3 Zach Jones Jack Hillen 20 1 2 2
4 Simon Despres Keaton Ellerby 10 1 2 2
PowerPlay Forward
Center Left Wing Right Wing Time % Phy DF OF
1 Éric Perrin Brad Isbister Richard Zednik 60 1 2 2
2 Petteri Nokelainen Tanner Glass Mike Grier 40 1 2 2
PowerPlay Defense
Defense Defense Time % Phy DF OF
1 Keaton Ellerby Mark Fraser 60 1 2 2
2 Mike Weber Adam McQuaid 40 1 2 2
Penalty Kill 4 Players Forward
Center Wing Time % Phy DF OF
1 Éric Perrin Brad Isbister 60 1 2 2
2 Richard Zednik Tanner Glass 40 1 2 2
Penalty Kill 4 Players Defense
Defense Defense Time % Phy DF OF
1 Keaton Ellerby Mark Fraser 60 1 2 2
2 Mike Weber Adam McQuaid 40 1 2 2
Penalty Kill - 3 Players Forward
Forward Time % Phy DF OF
1 Éric Perrin 60 1 2 2
2 Brad Isbister 40 1 2 2
Penalty Kill - 3 Players Defense
Defense Defense Time % Phy DF OF
1 Keaton Ellerby Mark Fraser 60 1 2 2
2 Mike Weber Adam McQuaid 40 1 2 2
4 vs 4 Forward
Center Wing Time % Phy DF OF
1 Éric Perrin Brad Isbister 60 1 2 2
2 Richard Zednik Tanner Glass 40 1 2 2
4 vs 4 Defense
Defense Defense Time % Phy DF OF
1 Keaton Ellerby Mark Fraser 60 1 2 2
2 Mike Weber Adam McQuaid 40 1 2 2
Last Minutes Offensive
Center Left Wing Right Wing Defense Defense
Éric Perrin Brad Isbister Richard Zednik Keaton Ellerby Mark Fraser
Last Minutes Defensive
Center Left Wing Right Wing Defense Defense
Éric Perrin Brad Isbister Richard Zednik Keaton Ellerby Mark Fraser
Goaltenders
Starting : Kevin Poulin
Backup : Anton Khudobin
Extra Forwards
Normal : Kris Chucko, Adam Pineault, Erik Condra - PP : Kris Chucko, Adam Pineault - PK : Erik Condra
Extra Defensemen
Normal : Zach Jones, Jack Hillen, Simon Despres - PP : Zach Jones - PK : Jack Hillen, Simon Despres
Penalty Shots
Éric Perrin, Brad Isbister, Richard Zednik, Tanner Glass, Kris Chucko
% Time on Ice - Monarchs
Lines # - Real PCT - Wanted PCT - Time Play
Normal Forward
1 - 34% - 40% - 15:44
2 - 28% - 35% - 12:56
3 - 22% - 20% - 9:57
4 - 16% - 5% - 7:16
Normal Defense
1 - 38% - 40% - 17:36
2 - 36% - 35% - 16:23
3 - 20% - 20% - 9:03
4 - 6% - 5% - 2:51
PP Forward
1 - 58% - 60% - 6:49
2 - 42% - 40% - 5:02
PP Defense
1 - 63% - 60% - 7:25
2 - 37% - 40% - 4:26
PK Forward
1 - 87% - 60% - 1:58
2 - 13% - 40% - 0:18
PK Defense
1 - 74% - 60% - 1:40
2 - 26% - 40% - 0:36
PK3 Forward
1 - 0% - 60%
2 - 0% - 40%
PK3 Defense
1 - 0% - 60%
2 - 0% - 40%
44 Forward
1 - 0% - 60%
2 - 0% - 40%
44 Defense
1 - 0% - 60%
2 - 0% - 40%
Last Minute Offensive - 0:00
Last Minute Defensive - 0:00
Total
Forward - 60:00
Defense - 60:00
|
% Time on Ice - Punishers
Lines # - Real PCT - Wanted PCT - Time Play
Normal Forward
1 - 35% - 40% - 16:07
2 - 29% - 30% - 13:32
3 - 20% - 20% - 9:23
4 - 15% - 10% - 6:51
Normal Defense
1 - 39% - 40% - 17:47
2 - 33% - 30% - 14:59
3 - 22% - 20% - 10:12
4 - 6% - 10% - 2:55
PP Forward
1 - 50% - 60% - 1:08
2 - 50% - 40% - 1:08
PP Defense
1 - 54% - 60% - 1:13
2 - 46% - 40% - 1:03
PK Forward
1 - 75% - 60% - 8:55
2 - 25% - 40% - 2:56
PK Defense
1 - 61% - 60% - 7:14
2 - 39% - 40% - 4:37
PK3 Forward
1 - 0% - 60%
2 - 0% - 40%
PK3 Defense
1 - 0% - 60%
2 - 0% - 40%
44 Forward
1 - 0% - 60%
2 - 0% - 40%
44 Defense
1 - 0% - 60%
2 - 0% - 40%
Last Minute Offensive - 0:00
Last Minute Defensive - 0:00
Total
Forward - 60:00
Defense - 60:00
|
Play by Play
1st period
0:01 of 1st period - Jordan Nolan wins face-off versus Éric Perrin in neutral zone.
0:26 of 1st period - Oliver Ekman-Larsson is hit by Petteri Nokelainen and loses puck.
1:17 of 1st period - Snap shot by Brandon Dubinsky.
1:17 of 1st period - Stopped by Kevin Poulin without a rebound.
1:18 of 1st period - Éric Perrin wins face-off versus Jarret Stoll in Punishers zone.
1:18 of 1st period - Éric Perrin is hit by Matt Martin.
1:24 of 1st period - Keith Aulie is hit by Richard Zednik and loses puck.
1:31 of 1st period - Richard Zednik is hit by Jarret Stoll and loses puck.
2:35 of 1st period - Snap shot by Brock Trotter.
2:35 of 1st period - Shot Misses the Net.
2:37 of 1st period - Wrist shot by Richard Park.
2:37 of 1st period - Shot Misses the Net.
2:41 of 1st period - Wrist shot by Richard Park.
2:41 of 1st period - Shot Blocked by Radek Smolenak.
2:43 of 1st period - Slapshot by Ryan Ellis.
2:43 of 1st period - Shot Blocked by Keaton Ellerby.
2:57 of 1st period - Wrist shot by Jarret Stoll.
2:57 of 1st period - Deflect By Mark Fraser.
2:57 of 1st period - Stopped by Kevin Poulin with a rebound.
2:59 of 1st period - Slapshot by Zack Kassian.
2:59 of 1st period - Shot Blocked by Keaton Ellerby.
3:01 of 1st period - Wrist shot by Zack Kassian.
3:01 of 1st period - Shot Misses the Net.
3:03 of 1st period - Wrist shot by Jarret Stoll.
3:03 of 1st period - Shot Misses the Net.
3:20 of 1st period - Wrist shot by Mike Grier.
3:20 of 1st period - Shot Misses the Net.
3:22 of 1st period - Slapshot by Keaton Ellerby.
3:22 of 1st period - Stopped by Al Montoya with a rebound.
3:40 of 1st period - Snap shot by Adam Pineault.
3:40 of 1st period - Goal by Adam Pineault - Monarchs : 0 - Punishers : 1.
3:41 of 1st period - Jordan Nolan wins face-off versus Éric Perrin in neutral zone.
3:44 of 1st period - Kris Chucko is hit by Brandon Dubinsky and loses puck.
4:07 of 1st period - Matt Martin is hit by Mike Weber and loses puck.
5:28 of 1st period - Icing by Mark Fraser.
5:29 of 1st period - Jarret Stoll wins face-off versus Éric Perrin in Punishers zone.
5:39 of 1st period - Snap shot by Jarret Stoll.
5:39 of 1st period - Shot Misses the Net.
5:51 of 1st period - Wrist shot by Kris Chucko.
5:51 of 1st period - Shot Misses the Net.
5:59 of 1st period - Wrist shot by Éric Perrin.
5:59 of 1st period - Stopped by Al Montoya with a rebound.
7:07 of 1st period - Snap shot by Kris Chucko.
7:07 of 1st period - Shot Misses the Net.
7:09 of 1st period - Snap shot by Kris Chucko.
7:09 of 1st period - Shot Blocked by Ryan Ellis.
7:11 of 1st period - Slapshot by Keaton Ellerby.
7:11 of 1st period - Stopped by Al Montoya with a rebound.
7:13 of 1st period - Slapshot by Mark Fraser.
7:13 of 1st period - Shot Blocked by Ryan Ellis.
7:15 of 1st period - Wrist shot by Kris Chucko.
7:15 of 1st period - Stopped by Al Montoya without a rebound.
7:16 of 1st period - Jordan Nolan wins face-off versus Petteri Nokelainen in Monarchs zone.
7:23 of 1st period - Slapshot by Brian Gionta.
7:23 of 1st period - Stopped by Kevin Poulin without a rebound.
7:24 of 1st period - Jordan Nolan wins face-off versus Petteri Nokelainen in Punishers zone.
7:25 of 1st period - Snap shot by Brandon Dubinsky.
7:25 of 1st period - Deflect By Brian Gionta.
7:25 of 1st period - Stopped by Kevin Poulin without a rebound.
7:26 of 1st period - Petteri Nokelainen wins face-off versus Jordan Nolan in Punishers zone.
7:49 of 1st period - Minor Penalty to Keith Aulie for Hooking.
7:50 of 1st period - Petteri Nokelainen wins face-off versus Richard Park in Monarchs zone.
8:04 of 1st period - Snap shot by Mike Grier.
8:04 of 1st period - Deflect By Tanner Glass.
8:04 of 1st period - Stopped by Al Montoya with a rebound.
8:06 of 1st period - Slapshot by Adam McQuaid.
8:06 of 1st period - Goal by Adam McQuaid - Monarchs : 0 - Punishers : 2.
8:07 of 1st period - Petteri Nokelainen wins face-off versus Jordan Nolan in neutral zone.
8:41 of 1st period - Slapshot by Adam Pineault.
8:41 of 1st period - Stopped by Al Montoya with a rebound.
8:43 of 1st period - Snap shot by Adam Pineault.
8:43 of 1st period - Deflect By Brad Isbister.
8:43 of 1st period - Shot Misses the Net.
8:43 of 1st period - Puck is out of play.
8:44 of 1st period - Erik Condra wins face-off versus Jordan Nolan in Monarchs zone.
8:49 of 1st period - Slapshot by Mike Weber.
8:49 of 1st period - Shot Misses the Net.
9:30 of 1st period - Snap shot by Adam Pineault.
9:30 of 1st period - Shot Misses the Net.
9:58 of 1st period - Slapshot by Matt Irwin.
9:58 of 1st period - Stopped by Kevin Poulin without a rebound.
9:59 of 1st period - Petteri Nokelainen wins face-off versus Jordan Nolan in Punishers zone.
10:25 of 1st period - Minor Penalty to Ryan Ellis for Roughing.
10:26 of 1st period - Éric Perrin wins face-off versus Jay Beagle in Monarchs zone.
10:33 of 1st period - Snap shot by Éric Perrin.
10:33 of 1st period - Deflect By Richard Park.
10:33 of 1st period - Shot Blocked by Frederic St-Denis.
10:33 of 1st period - Puck is out of play.
10:34 of 1st period - Éric Perrin wins face-off versus Richard Park in Monarchs zone.
10:41 of 1st period - Slapshot by Éric Perrin.
10:41 of 1st period - Stopped by Al Montoya without a rebound.
10:42 of 1st period - Richard Park wins face-off versus Éric Perrin in Monarchs zone.
11:58 of 1st period - Icing by Mark Fraser.
11:59 of 1st period - Petteri Nokelainen wins face-off versus Matt Martin in Punishers zone.
12:25 of 1st period - Penalty to Ryan Ellis is over, Ryan Ellis is back on ice.
13:02 of 1st period - Wrist shot by Dwight King.
13:02 of 1st period - Stopped by Kevin Poulin without a rebound.
13:03 of 1st period - Éric Perrin wins face-off versus Jarret Stoll in Punishers zone.
13:34 of 1st period - Wrist shot by Brad Isbister.
13:34 of 1st period - Stopped by Al Montoya with a rebound.
13:50 of 1st period - Keith Ballard is hit by Tanner Glass and loses puck.
14:12 of 1st period - Snap shot by Éric Perrin.
14:12 of 1st period - Goal by Éric Perrin - Monarchs : 0 - Punishers : 3.
14:13 of 1st period - Jordan Nolan wins face-off versus Éric Perrin in neutral zone.
14:49 of 1st period - Minor Penalty to Tanner Glass for Roughing.
14:50 of 1st period - Éric Perrin wins face-off versus Jordan Nolan in Punishers zone.
14:59 of 1st period - Off-side.
15:00 of 1st period - Jordan Nolan wins face-off versus Éric Perrin in neutral zone.
15:09 of 1st period - Snap shot by Éric Perrin.
15:09 of 1st period - Shot Misses the Net.
16:46 of 1st period - Icing by Brandon Dubinsky.
16:47 of 1st period - Richard Zednik wins face-off versus Jordan Nolan in Monarchs zone.
16:49 of 1st period - Penalty to Tanner Glass is over, Tanner Glass is back on ice.
17:23 of 1st period - Shawn Belle is hit by Brad Isbister and loses puck.
17:53 of 1st period - Snap shot by Zack Kassian.
17:53 of 1st period - Stopped by Kevin Poulin without a rebound.
17:54 of 1st period - Jarret Stoll wins face-off versus Casey Cizikas in Punishers zone.
17:55 of 1st period - Backhand shot by Zack Kassian.
17:55 of 1st period - Shot Misses the Net.
18:05 of 1st period - Matt Martin is hit by Radek Smolenak and loses puck.
18:20 of 1st period - Keaton Ellerby is hit by Jordan Nolan and loses puck.
18:49 of 1st period - Tanner Glass is hit by Shawn Belle and loses puck.
19:27 of 1st period - Wrist shot by Radek Smolenak.
19:27 of 1st period - Stopped by Al Montoya with a rebound.
19:29 of 1st period - Slapshot by Keaton Ellerby.
19:29 of 1st period - Shot Blocked by Jarret Stoll.
19:31 of 1st period - Slapshot by Keaton Ellerby.
19:31 of 1st period - Stopped by Al Montoya with a rebound.
Goals for this period are 0 for Monarchs vs 3 for Punishers.
Shots for this period are 7 for Monarchs vs 13 for Punishers.
2nd period
0:01 of 2nd period - Éric Perrin wins face-off versus Jordan Nolan in neutral zone.
0:06 of 2nd period - Wrist shot by Richard Zednik.
0:06 of 2nd period - Stopped by Al Montoya with a rebound.
0:12 of 2nd period - Wrist shot by Brandon Dubinsky.
0:12 of 2nd period - Shot Misses the Net.
0:14 of 2nd period - Slapshot by Matt Irwin.
0:14 of 2nd period - Stopped by Kevin Poulin with a rebound.
0:16 of 2nd period - Snap shot by Brandon Dubinsky.
0:16 of 2nd period - Shot Misses the Net.
0:33 of 2nd period - Snap shot by Zack Kassian.
0:33 of 2nd period - Goal by Zack Kassian - Monarchs : 1 - Punishers : 3.
0:34 of 2nd period - Éric Perrin wins face-off versus Brandon Dubinsky in neutral zone.
0:39 of 2nd period - Slapshot by Richard Zednik.
0:39 of 2nd period - Shot Misses the Net.
0:41 of 2nd period - Wrist shot by Richard Zednik.
0:41 of 2nd period - Stopped by Al Montoya with a rebound.
0:43 of 2nd period - Slapshot by Éric Perrin.
0:43 of 2nd period - Stopped by Al Montoya with a rebound.
0:45 of 2nd period - Slapshot by Mark Fraser.
0:45 of 2nd period - Stopped by Al Montoya with a rebound.
0:47 of 2nd period - Slapshot by Kris Chucko.
0:47 of 2nd period - Shot Misses the Net.
0:49 of 2nd period - Slapshot by Éric Perrin.
0:49 of 2nd period - Stopped by Al Montoya with a rebound.
1:46 of 2nd period - Wrist shot by Brian Gionta.
1:46 of 2nd period - Deflect By Jordan Nolan.
1:46 of 2nd period - Stopped by Kevin Poulin with a rebound.
1:48 of 2nd period - Snap shot by Brandon Dubinsky.
1:48 of 2nd period - Shot Blocked by Casey Cizikas.
1:50 of 2nd period - Snap shot by Brian Gionta.
1:50 of 2nd period - Shot Blocked by Adam McQuaid.
2:14 of 2nd period - Wrist shot by Richard Zednik.
2:14 of 2nd period - Stopped by Al Montoya with a rebound.
2:16 of 2nd period - Wrist shot by Richard Zednik.
2:16 of 2nd period - Goal by Richard Zednik - Monarchs : 1 - Punishers : 4.
2:17 of 2nd period - Richard Zednik wins face-off versus Jordan Nolan in neutral zone.
2:20 of 2nd period - Wrist shot by Éric Perrin.
2:20 of 2nd period - Stopped by Al Montoya with a rebound.
2:24 of 2nd period - Wrist shot by Éric Perrin.
2:24 of 2nd period - Deflect By Jordan Nolan.
2:24 of 2nd period - Stopped by Al Montoya without a rebound.
2:25 of 2nd period - Jordan Nolan wins face-off versus Éric Perrin in Monarchs zone.
2:34 of 2nd period - Éric Perrin is hit by Brandon Dubinsky and loses puck.
2:52 of 2nd period - Slapshot by Éric Perrin.
2:52 of 2nd period - Shot Blocked by Oliver Ekman-Larsson.
2:54 of 2nd period - Slapshot by Kris Chucko.
2:54 of 2nd period - Deflect By Brian Gionta.
2:54 of 2nd period - Stopped by Al Montoya without a rebound.
2:55 of 2nd period - Tanner Glass wins face-off versus Jarret Stoll in Monarchs zone.
3:08 of 2nd period - Wrist shot by Zack Kassian.
3:08 of 2nd period - Shot Blocked by Tanner Glass.
3:10 of 2nd period - Snap shot by Matt Martin.
3:10 of 2nd period - Shot Misses the Net.
3:25 of 2nd period - Wrist shot by Richard Park.
3:25 of 2nd period - Stopped by Kevin Poulin without a rebound.
3:26 of 2nd period - Brandon McMillan wins face-off versus Jordan Nolan in Punishers zone.
3:29 of 2nd period - Snap shot by Brian Gionta.
3:29 of 2nd period - Shot Misses the Net.
3:31 of 2nd period - Slapshot by Ryan Ellis.
3:31 of 2nd period - Stopped by Kevin Poulin without a rebound.
3:32 of 2nd period - Jordan Nolan wins face-off versus Petteri Nokelainen in Punishers zone.
3:41 of 2nd period - Wrist shot by Brian Gionta.
3:41 of 2nd period - Shot Misses the Net.
3:43 of 2nd period - Snap shot by Jordan Nolan.
3:43 of 2nd period - Shot Misses the Net.
3:45 of 2nd period - Snap shot by Brian Gionta.
3:45 of 2nd period - Stopped by Kevin Poulin with a rebound.
3:47 of 2nd period - Slapshot by Oliver Ekman-Larsson.
3:47 of 2nd period - Stopped by Kevin Poulin with a rebound.
3:53 of 2nd period - Minor Penalty to Petteri Nokelainen for Hooking.
3:54 of 2nd period - Jordan Nolan wins face-off versus Éric Perrin in Punishers zone.
5:49 of 2nd period - Wrist shot by Brock Trotter.
5:49 of 2nd period - Deflect By Brian Gionta.
5:49 of 2nd period - Goal by Brian Gionta - Monarchs : 2 - Punishers : 4.
5:50 of 2nd period - Dana Tyrell wins face-off versus Petteri Nokelainen in neutral zone.
5:50 of 2nd period - Dwight King is hit by Mike Grier and loses puck.
5:59 of 2nd period - Snap shot by Tanner Glass.
5:59 of 2nd period - Stopped by Al Montoya with a rebound.
6:45 of 2nd period - Matt Irwin is hit by Zach Jones and loses puck.
7:20 of 2nd period - Wrist shot by Dwight King.
7:20 of 2nd period - Stopped by Kevin Poulin with a rebound.
7:22 of 2nd period - Snap shot by David Clarkson.
7:22 of 2nd period - Stopped by Kevin Poulin without a rebound.
7:23 of 2nd period - Richard Zednik wins face-off versus Dana Tyrell in Punishers zone.
8:08 of 2nd period - Adam McQuaid is hit by Jordan Nolan.
8:14 of 2nd period - Wrist shot by Adam Pineault.
8:14 of 2nd period - Stopped by Al Montoya without a rebound.
8:15 of 2nd period - Richard Zednik wins face-off versus Jordan Nolan in Monarchs zone.
8:42 of 2nd period - Keith Aulie is hit by Adam McQuaid and loses puck.
9:04 of 2nd period - Off-side.
9:05 of 2nd period - Cody Eakin wins face-off versus Brandon McMillan in neutral zone.
9:08 of 2nd period - Snap shot by Richard Park.
9:08 of 2nd period - Shot Misses the Net.
9:49 of 2nd period - Snap shot by Richard Park.
9:49 of 2nd period - Shot Blocked by Zach Jones.
10:01 of 2nd period - Wrist shot by Brock Trotter.
10:01 of 2nd period - Shot Misses the Net.
10:03 of 2nd period - Wrist shot by Richard Park.
10:03 of 2nd period - Stopped by Kevin Poulin without a rebound.
10:04 of 2nd period - Éric Perrin wins face-off versus Jordan Nolan in Punishers zone.
10:17 of 2nd period - Snap shot by Éric Perrin.
10:17 of 2nd period - Stopped by Al Montoya without a rebound.
10:18 of 2nd period - Jarret Stoll wins face-off versus Kris Chucko in Monarchs zone.
10:34 of 2nd period - Icing by Éric Perrin.
10:35 of 2nd period - Éric Perrin wins face-off versus Brian Gionta in Punishers zone.
10:42 of 2nd period - Snap shot by Kris Chucko.
10:42 of 2nd period - Shot Blocked by Oliver Ekman-Larsson.
10:44 of 2nd period - Slapshot by Keaton Ellerby.
10:44 of 2nd period - Shot Blocked by Oliver Ekman-Larsson.
10:50 of 2nd period - Slapshot by Richard Zednik.
10:50 of 2nd period - Stopped by Al Montoya without a rebound.
10:51 of 2nd period - Petteri Nokelainen wins face-off versus Jarret Stoll in Monarchs zone.
10:54 of 2nd period - Snap shot by Mike Grier.
10:54 of 2nd period - Stopped by Al Montoya with a rebound.
12:21 of 2nd period - Petteri Nokelainen is hit by Oliver Ekman-Larsson and loses puck.
12:28 of 2nd period - Wrist shot by Jarret Stoll.
12:28 of 2nd period - Stopped by Kevin Poulin with a rebound.
12:42 of 2nd period - Snap shot by Brian Gionta.
12:42 of 2nd period - Shot Misses the Net.
13:04 of 2nd period - Snap shot by Adam Pineault.
13:04 of 2nd period - Shot Blocked by Cody Eakin.
13:06 of 2nd period - Slapshot by Adam Pineault.
13:06 of 2nd period - Shot Blocked by Shawn Belle.
13:59 of 2nd period - Snap shot by Petteri Nokelainen.
13:59 of 2nd period - Stopped by Al Montoya with a rebound.
14:01 of 2nd period - Snap shot by Tanner Glass.
14:01 of 2nd period - Stopped by Al Montoya with a rebound.
14:03 of 2nd period - Slapshot by Keaton Ellerby.
14:03 of 2nd period - Stopped by Al Montoya without a rebound.
14:04 of 2nd period - Jarret Stoll wins face-off versus Éric Perrin in Monarchs zone.
14:09 of 2nd period - Richard Zednik is hit by Matt Martin and loses puck.
14:38 of 2nd period - Snap shot by Brian Gionta.
14:38 of 2nd period - Deflect By Brandon Dubinsky.
14:38 of 2nd period - Shot Misses the Net.
14:38 of 2nd period - Puck is out of play.
14:39 of 2nd period - Brandon McMillan wins face-off versus Jordan Nolan in Punishers zone.
14:50 of 2nd period - Slapshot by Jordan Nolan.
14:50 of 2nd period - Shot Misses the Net.
14:52 of 2nd period - Slapshot by Ryan Ellis.
14:52 of 2nd period - Deflect By Brandon Dubinsky.
14:52 of 2nd period - Shot Blocked by Adam Pineault.
14:52 of 2nd period - Puck is out of play.
14:53 of 2nd period - Jarret Stoll wins face-off versus Éric Perrin in Punishers zone.
15:06 of 2nd period - Snap shot by Richard Zednik.
15:06 of 2nd period - Stopped by Al Montoya without a rebound.
15:07 of 2nd period - Éric Perrin wins face-off versus Jordan Nolan in Monarchs zone.
15:45 of 2nd period - Zack Kassian is hit by Tanner Glass.
16:48 of 2nd period - Slapshot by Dwight King.
16:48 of 2nd period - Stopped by Kevin Poulin with a rebound.
16:50 of 2nd period - Slapshot by Keith Ballard.
16:50 of 2nd period - Stopped by Kevin Poulin with a rebound.
16:52 of 2nd period - Snap shot by David Clarkson.
16:52 of 2nd period - Shot Blocked by Erik Condra.
17:02 of 2nd period - Zack Kassian is hit by Mark Fraser and loses puck.
17:54 of 2nd period - Snap shot by Kris Chucko.
17:54 of 2nd period - Stopped by Al Montoya without a rebound.
17:55 of 2nd period - Petteri Nokelainen wins face-off versus Jarret Stoll in Monarchs zone.
18:06 of 2nd period - Slapshot by Matt Irwin.
18:06 of 2nd period - Shot Misses the Net.
18:30 of 2nd period - Minor Penalty to Jack Hillen for Roughing.
18:31 of 2nd period - Éric Perrin wins face-off versus Jordan Nolan in Punishers zone.
19:11 of 2nd period - Slapshot by Matt Irwin.
19:11 of 2nd period - Deflect By Jarret Stoll.
19:11 of 2nd period - Stopped by Kevin Poulin without a rebound.
19:12 of 2nd period - Jordan Nolan wins face-off versus Éric Perrin in Punishers zone.
19:21 of 2nd period - Keaton Ellerby is hit by Zack Kassian and loses puck.
19:38 of 2nd period - Tanner Glass is hit by Cody Eakin and loses puck.
Goals for this period are 2 for Monarchs vs 1 for Punishers.
Shots for this period are 15 for Monarchs vs 20 for Punishers.
3rd period
0:01 of 3rd period - Jordan Nolan wins face-off versus Éric Perrin in neutral zone.
0:30 of 3rd period - Penalty to Jack Hillen is over, Jack Hillen is back on ice.
0:47 of 3rd period - Dana Tyrell is hit by Tanner Glass.
0:55 of 3rd period - David Clarkson is hit by Petteri Nokelainen.
1:09 of 3rd period - Slapshot by Radek Smolenak.
1:09 of 3rd period - Deflect By Casey Cizikas.
1:09 of 3rd period - Stopped by Al Montoya with a rebound.
1:26 of 3rd period - Icing by Brock Trotter.
1:27 of 3rd period - Éric Perrin wins face-off versus Jordan Nolan in Monarchs zone.
1:28 of 3rd period - Snap shot by Richard Zednik.
1:28 of 3rd period - Shot Misses the Net.
1:30 of 3rd period - Wrist shot by Kris Chucko.
1:30 of 3rd period - Shot Misses the Net.
1:32 of 3rd period - Snap shot by Kris Chucko.
1:32 of 3rd period - Shot Blocked by Shawn Belle.
1:34 of 3rd period - Slapshot by Keaton Ellerby.
1:34 of 3rd period - Stopped by Al Montoya without a rebound.
1:35 of 3rd period - Jordan Nolan wins face-off versus Petteri Nokelainen in Monarchs zone.
2:02 of 3rd period - Matt Martin is hit by Éric Perrin and loses puck.
2:31 of 3rd period - Keith Ballard is hit by Adam Pineault and loses puck.
3:04 of 3rd period - Off-side.
3:05 of 3rd period - Petteri Nokelainen wins face-off versus Jordan Nolan in neutral zone.
3:19 of 3rd period - Minor Penalty to Mike Grier for Holding.
3:20 of 3rd period - Jordan Nolan wins face-off versus Éric Perrin in Punishers zone.
3:21 of 3rd period - Slapshot by Matt Irwin.
3:21 of 3rd period - Deflect By Éric Perrin.
3:21 of 3rd period - Stopped by Kevin Poulin with a rebound.
3:23 of 3rd period - Slapshot by Keith Aulie.
3:23 of 3rd period - Shot Blocked by Éric Perrin.
3:25 of 3rd period - Wrist shot by Jordan Nolan.
3:25 of 3rd period - Shot Misses the Net.
3:27 of 3rd period - Slapshot by Matt Irwin.
3:27 of 3rd period - Stopped by Kevin Poulin without a rebound.
3:28 of 3rd period - Éric Perrin wins face-off versus Jordan Nolan in Punishers zone.
3:43 of 3rd period - Snap shot by Jordan Nolan.
3:43 of 3rd period - Shot Misses the Net.
3:55 of 3rd period - Slapshot by Matt Irwin.
3:55 of 3rd period - Stopped by Kevin Poulin with a rebound.
4:04 of 3rd period - Off-side.
4:05 of 3rd period - Tanner Glass wins face-off versus Jordan Nolan in neutral zone.
4:13 of 3rd period - Off-side.
4:14 of 3rd period - Brad Isbister wins face-off versus Jordan Nolan in neutral zone.
4:17 of 3rd period - Slapshot by Mark Fraser.
4:17 of 3rd period - Stopped by Al Montoya with a rebound.
4:19 of 3rd period - Snap shot by Brad Isbister.
4:19 of 3rd period - Goal by Brad Isbister - Monarchs : 2 - Punishers : 5.
4:20 of 3rd period - Jordan Nolan wins face-off versus Éric Perrin in neutral zone.
4:27 of 3rd period - Wrist shot by Brandon Dubinsky.
4:27 of 3rd period - Deflect By Éric Perrin.
4:27 of 3rd period - Shot Misses the Net.
4:27 of 3rd period - Puck is out of play.
4:28 of 3rd period - Éric Perrin wins face-off versus Jordan Nolan in Punishers zone.
5:19 of 3rd period - Penalty to Mike Grier is over, Mike Grier is back on ice.
5:24 of 3rd period - Snap shot by David Clarkson.
5:24 of 3rd period - Goal by David Clarkson - Monarchs : 3 - Punishers : 5.
5:25 of 3rd period - Richard Zednik wins face-off versus Jordan Nolan in neutral zone.
7:55 of 3rd period - Wrist shot by Mike Grier.
7:55 of 3rd period - Shot Misses the Net.
8:17 of 3rd period - Slapshot by David Clarkson.
8:17 of 3rd period - Stopped by Kevin Poulin with a rebound.
8:19 of 3rd period - Wrist shot by David Clarkson.
8:19 of 3rd period - Shot Misses the Net.
8:21 of 3rd period - Slapshot by Keith Aulie.
8:21 of 3rd period - Goal by Keith Aulie - Monarchs : 4 - Punishers : 5.
8:22 of 3rd period - Jordan Nolan wins face-off versus Richard Zednik in neutral zone.
8:25 of 3rd period - Snap shot by Matt Irwin.
8:25 of 3rd period - Stopped by Kevin Poulin without a rebound.
8:26 of 3rd period - Éric Perrin wins face-off versus Jordan Nolan in Punishers zone.
8:56 of 3rd period - Wrist shot by Jarret Stoll.
8:56 of 3rd period - Stopped by Kevin Poulin with a rebound.
8:58 of 3rd period - Slapshot by Jarret Stoll.
8:58 of 3rd period - Stopped by Kevin Poulin without a rebound.
8:59 of 3rd period - Jordan Nolan wins face-off versus Petteri Nokelainen in Punishers zone.
9:15 of 3rd period - Mike Weber is hit by Jordan Nolan and loses puck.
9:26 of 3rd period - Zack Kassian is hit by Mike Weber and loses puck.
10:30 of 3rd period - Jack Hillen is hit by Brandon Dubinsky and loses puck.
10:39 of 3rd period - Snap shot by Brian Gionta.
10:39 of 3rd period - Shot Misses the Net.
10:41 of 3rd period - Snap shot by Brandon Dubinsky.
10:41 of 3rd period - Stopped by Kevin Poulin with a rebound.
11:58 of 3rd period - Slapshot by Jordan Nolan.
11:58 of 3rd period - Shot Misses the Net.
12:00 of 3rd period - Snap shot by Shawn Belle.
12:00 of 3rd period - Shot Blocked by Kris Chucko.
12:06 of 3rd period - Minor Penalty to Mike Weber for Roughing.
12:07 of 3rd period - Jordan Nolan wins face-off versus Éric Perrin in Punishers zone.
12:36 of 3rd period - Backhand shot by Ryan Ellis.
12:36 of 3rd period - Stopped by Kevin Poulin with a rebound.
12:38 of 3rd period - Backhand shot by Ryan Ellis.
12:38 of 3rd period - Stopped by Kevin Poulin with a rebound.
12:40 of 3rd period - Slapshot by Oliver Ekman-Larsson.
12:40 of 3rd period - Shot Misses the Net.
12:42 of 3rd period - Slapshot by Oliver Ekman-Larsson.
12:42 of 3rd period - Shot Misses the Net.
14:06 of 3rd period - Penalty to Mike Weber is over, Mike Weber is back on ice.
14:20 of 3rd period - Wrist shot by Erik Condra.
14:20 of 3rd period - Goal by Erik Condra - Monarchs : 4 - Punishers : 6.
14:21 of 3rd period - Cody Eakin wins face-off versus Richard Zednik in neutral zone.
15:28 of 3rd period - Snap shot by Casey Cizikas.
15:28 of 3rd period - Stopped by Al Montoya with a rebound.
15:32 of 3rd period - Wrist shot by Erik Condra.
15:32 of 3rd period - Shot Misses the Net.
15:34 of 3rd period - Snap shot by Erik Condra.
15:34 of 3rd period - Deflect By Radek Smolenak.
15:34 of 3rd period - Shot Hit the Post.
15:34 of 3rd period - Puck is out of play.
15:35 of 3rd period - Éric Perrin wins face-off versus Cody Eakin in Monarchs zone.
15:50 of 3rd period - Wrist shot by Éric Perrin.
15:50 of 3rd period - Deflect By Richard Zednik.
15:50 of 3rd period - Shot Blocked by Oliver Ekman-Larsson.
15:50 of 3rd period - Puck is out of play.
15:51 of 3rd period - Brandon McMillan wins face-off versus Jordan Nolan in Monarchs zone.
16:06 of 3rd period - Snap shot by Jordan Nolan.
16:06 of 3rd period - Stopped by Kevin Poulin without a rebound.
16:07 of 3rd period - Cody Eakin wins face-off versus Éric Perrin in Punishers zone.
16:22 of 3rd period - Backhand shot by Richard Park.
16:22 of 3rd period - Stopped by Kevin Poulin without a rebound.
16:23 of 3rd period - Brandon McMillan wins face-off versus Jordan Nolan in Punishers zone.
16:23 of 3rd period - Brandon McMillan is hit by Jordan Nolan.
16:24 of 3rd period - Brandon McMillan from Punishers is injured at 16:24 of 3rd period (Sprained Right Ankle).
16:25 of 3rd period - Richard Park wins face-off versus Kris Chucko in Punishers zone.
16:50 of 3rd period - Tanner Glass is hit by Brandon Dubinsky and loses puck.
17:15 of 3rd period - Matt Irwin is hit by Radek Smolenak and loses puck.
17:37 of 3rd period - Slapshot by Adam McQuaid.
17:37 of 3rd period - Goal by Adam McQuaid - Monarchs : 4 - Punishers : 7.
17:38 of 3rd period - Jarret Stoll wins face-off versus Éric Perrin in neutral zone.
17:38 of 3rd period - Jarret Stoll is hit by Richard Zednik.
17:45 of 3rd period - Minor Penalty to Éric Perrin for Tripping.
17:46 of 3rd period - Jordan Nolan wins face-off versus Erik Condra in Punishers zone.
18:16 of 3rd period - Slapshot by Ryan Ellis.
18:16 of 3rd period - Shot Misses the Net.
19:45 of 3rd period - Penalty to Éric Perrin is over, Éric Perrin is back on ice.
19:48 of 3rd period - Snap shot by Radek Smolenak.
19:48 of 3rd period - Stopped by Al Montoya with a rebound.
19:54 of 3rd period - Zach Jones is hit by Dwight King and loses puck.
Goals for this period are 2 for Monarchs vs 3 for Punishers.
Shots for this period are 14 for Monarchs vs 8 for Punishers.
Output by the SimonT Hockey Simulator (STHS) for Pascal Landry -- Original Page W3C XHTML 1.0 Valid